 Dungeon Crawl Stone Soup version 0.31.0-11-ge490571c62 (webtiles) character file.

Game seed: 7766464483194456212

476334 thirtiethelement the Slayer (level 23, -19/202 HPs)
             Began as a Demonspawn Berserker on Jan 24, 2024.
             Was the Champion of Trog.
             Demolished by a cyan very ugly thing (25 damage)
             ... on level 6 of the Abyss on Jan 26, 2024.
             The game lasted 03:34:15 (63460 turns).

thirtiethelement the Slayer (Demonspawn Berserker) Turns: 63460, Time: 03:34:15

Health: -19/202    AC: 42    Str: 20    XL:     23   Next: 62%
Magic:  0/16       EV: 13    Int:  8    God:    Trog [******]
Gold:   3777       SH: 14    Dex: 30    Spells: 22/22 levels left

rFire   + . .        I - +3 double sword (flame)
rCold   + + .        Q - +3 buckler {reflect}
rNeg    . . .        a - +9 gold dragon scales
rPois   +            z - +2 helmet {SInv}
rElec   .            m - +2 cloak {Stlth+}
rCorr   +            (gloves unavailable)
SInv    +            V - +0 pair of boots of Boiling Hail {rPois Str+3}
Will    ++++.        S - amulet of the Hero {Spirit Dex+2} Stlth
                     h - +6 ring of dexterity
HPRegen 1.53/turn    R - +4 ring of slaying
MPRegen 0.15/turn

%: reflection, guardian spirit
@: about to teleport, strong-willed, regenerating, wreathed by umbra, invisible
A: claws 3, yellow scales 3, foul stench 2, spiny 2, torment resistance 1,
demonic willpower, fangs 1, hooves 1, cold resistance 1, dopey 1, [deterioration
2], low MP 1[+2], [screaming 2]
}: 2/15 runes: decaying, gossamer
a: Renounce Religion, Berserk, Trog's Hand, Brothers in Arms


You were on level 6 of the Abyss.
You worshipped Trog.
Trog was exalted by your worship.
You visited 8 branches of the dungeon, and saw 40 of its levels.
You visited the Abyss 3 times.
You visited 1 bazaar.
You also visited: Trove and Bailey.

You collected 6383 gold pieces.
You spent 2606 gold pieces at shops.

Inventory:

Hand Weapons
 B - the +2 long sword "Vaqyup Toyga" {speed, rC++}
   (You found it on level 15 of the Dungeon)

   rC++:      It greatly protects you from cold.
 D - a +1 quick blade of electrocution
 I - a +3 double sword of flaming (weapon)
 W - the +4 dagger of Res Ipsa Loquitur {speed, rF+ Str+5}
   (You bought it in a shop in a bazaar)

   Str+5:     It affects your strength (+5).
   rF+:       It protects you from fire.
Missiles
 K - 7 boomerangs (quivered)
Armour
 a - +9 gold dragon scales (worn)
 m - a +2 cloak of stealth (worn)
 z - a +2 helmet of see invisible (worn)
 Q - a +3 buckler of reflection (worn)
 V - the +0 pair of boots of Boiling Hail (worn) {rPois Str+3}
   (You found it on level 4 of the Swamp)

   Str+3:     It affects your strength (+3).
   rPois:     It protects you from poison
 X - a scarf of repulsion
Jewellery
 h - a +6 ring of dexterity (left claw)
 k - a ring of protection from fire
 q - the ring "Amiofecs" {rPois Str+3 Int+3}
   (You found it on level 4 of the Swamp)

   [ring of poison resistance]

   Str+3:     It affects your strength (+3).
   Int+3:     It affects your intelligence (+3).
   rPois:     It protects you from poison
 t - a ring of willpower
 A - a +4 ring of protection
 G - a ring of flight
 J - a ring of protection from cold
 R - a +4 ring of slaying (right claw)
 S - the amulet of the Hero (around neck) {Spirit Dex+2}
   (You found it on level 3 of the Depths)

   [amulet of guardian spirit]

   Spirit:    It causes incoming damage to be divided between your reserves of
   health and magic.
   Dex+2:     It affects your dexterity (+2).
Wands
 j - a wand of charming (37)
 n - a wand of digging (5)
 F - a wand of mindburst (7)
 N - a wand of acid (28)
Scrolls
 d - 8 scrolls of fear
 l - 4 scrolls of summoning
 v - 19 scrolls of teleportation
 w - 4 scrolls of torment
 y - a scroll of revelation
 E - 3 scrolls of vulnerability
 L - 19 scrolls of identify
 O - 11 scrolls of fog
 T - 5 scrolls of blinking
 Y - 2 scrolls of brand weapon
 Z - 5 scrolls of silence
Potions
 e - 6 potions of might
 f - 5 potions of haste
 g - 5 potions of magic
 o - 3 potions of curing
 p - a potion of invisibility
 r - 5 potions of ambrosia
 u - 5 potions of berserk rage
 x - 9 potions of enlightenment
 H - 2 potions of cancellation
 M - 2 potions of mutation
 P - a potion of resistance
Miscellaneous
 b - a phial of floods
 c - a phantom mirror
 i - a lightning rod (4/4)
 s - a box of beasts
 U - a condenser vane


   Skills:
 + Level 21.9 Fighting
 - Level 11.1(16.8) Short Blades
 + Level 20.0(20.9) Long Blades
 + Level 7.5 Throwing
 + Level 16.0 Armour
 + Level 13.3 Dodging
 + Level 6.4 Stealth
 + Level 18.4 Shields
 + Level 1.0 Evocations


You had 22 spell levels left.
You didn't know any spells.
Your spell library contained the following spells:

 Spells                   Type           Power      Damage    Failure   Level
 Kiss of Death            Conj/Necr      0%         2d5       100%        1
 Sandblast                Erth           0%         2d4       100%        1
 Shock                    Conj/Air       0%         1d3       100%        1
 Slow                     Hex            0%         N/A       100%        1
 Ensorcelled Hibernation  Hex/Ice        0%         N/A       100%        2
 Jinxbite                 Hex            0%         N/A       100%        2
 Sublimation of Blood     Necr           0%         N/A       100%        2
 Call Canine Familiar     Summ           0%         N/A       100%        3
 Confusing Touch          Hex            0%         N/A       100%        3
 Fugue of the Fallen      Necr           0%         N/A       100%        3
 Gell's Gravitas          Tloc           0%         N/A       100%        3
 Inner Flame              Hex/Fire       0%         N/A       100%        3
 Passwall                 Erth           0%         N/A       100%        3
 Sigil of Binding         Hex            0%         N/A       100%        3
 Stone Arrow              Conj/Erth      0%         3d7       100%        3
 Swiftness                Air            0%         N/A       100%        3
 Teleport Other           Tloc           0%         N/A       100%        3
 Vampiric Draining        Necr           0%         2d6       100%        3
 Airstrike                Air            0%         2d(0-16)  100%        4
 Anguish                  Hex/Necr       0%         N/A       100%        4
 Brom's Barrelling Bould  Conj/Erth      0%         2d3       100%        4
 Cause Fear               Hex            0%         N/A       100%        4
 Dimensional Bullseye     Hex/Tloc       0%         N/A       100%        4
 Dispel Undead            Necr           0%         3d6       100%        4
 Olgreb's Toxic Radiance  Alch           0%         N/A       100%        4
 Passage of Golubria      Tloc           0%         N/A       100%        4
 Petrify                  Alch/Erth      0%         N/A       100%        4
 Summon Blazeheart Golem  Fire/Summ      0%         N/A       100%        4
 Irradiate                Conj/Alch      0%         3d11      100%        5
 Silence                  Hex/Air        0%         N/A       100%        5
 Yara's Violent Unravell  Hex/Alch       0%         3d3       100%        5
 Dispersal                Tloc           0%         N/A       100%        6
 Enfeeble                 Hex            0%         N/A       100%        7
 Orb of Destruction       Conj           0%         9d5       100%        7
 Ozocubu's Refrigeration  Ice            0%         4d7       100%        7
 Spellforged Servitor     Conj/Summ      0%         N/A       100%        7
 Discord                  Hex            0%         N/A       100%        8
 Ignition                 Fire           0%         3d3       100%        8
 Lehudib's Crystal Spear  Conj/Erth      0%         10d2      100%        8


Dungeon Overview and Level Annotations

Branches:
Dungeon (15/15)            Temple (1/1) D:7            Lair (5/5) D:10
  Swamp (4/4) Lair:2       Spider (4/4) Lair:3        Slime (0/5) Lair:4
    Orc (2/2) D:12            Elf (0/3) Orc:2        Vaults (5/5) D:14
  Crypt (0/3) Vaults:3     Depths (4/4) D:15            Zot (0/5) Depths:4
 Bailey (visited)

Altars:
Ashenzari
Cheibriados
Dithmenos
Fedhas
Gozag
Hepliaklqana
Kikubaaqudgha
Makhleb
Nemelex Xobeh
Okawaru
Qazlal
Ru
Sif Muna
Trog
Uskayaw
Vehumet
Wu Jian
Xom
Yredelemnul
Lugonu

Shops:
D:4 :   D:13 *   Orc:2 (:(:(   Vaults:1 (   Vaults:3 [   Vaults:4 ?

Portals:
Hell: Depths:1 Depths:2 Depths:3 Depths:4
Abyss: D:11 Lair:5 Depths:2 Depths:3
Pandemonium: D:15 Depths:1 Depths:2 Depths:3
Ziggurat: Depths:1

Annotations:
D:11 2 transporters, Xaxieg's ghost, journeyman GnSk
Depths:1 1 runed translucent door


Innate Abilities, Weirdness & Mutations

You have claws for hands.
You are completely covered in yellow scales. (AC +4, rCorr)
You sometimes emit foul miasma when damaged in melee.
You are mostly covered in sharp spines.
You are resistant to unholy torment.
You punish those that try to bend your will. (Will+)
You have very sharp teeth.
You have large cloven feet.
Your flesh is cold resistant. (rC+)
You are dopey. (Int -2)
[Your body often deteriorates upon taking damage.]
[Your magical capacity is extremely low. (-30% MP)]
[You frequently scream uncontrollably at your foes.]


Message History

You hear a horrible gurgling sound! x3
You fade into invisibility!
You block the profane servitor's attack.
The profane servitor hits you but does no damage.
The balrug gestures at you.
Your +3 buckler of reflection blocks the pyre arrow... and reflects it back!
The pyre arrow hits the balrug.
The profane servitor is struck by your spines.
The profane servitor hits you but does no damage. x2
The smoke demon is struck by your spines.
The smoke demon hits you but does no damage.
The smoke demon closely misses you.
The smoke demon barely misses you. 4 raiju come into view.
You scream at the raiju!
The raiju barks! x2; You hear a bark! x2; You hear a horrible gurgling sound!
The balrug is struck by your spines.
The balrug hits you with a +0 demon whip.
* * * LOW HITPOINT WARNING * * *
You are engulfed in flames!
You resist.
* * * LOW HITPOINT WARNING * * *
You emit a cloud of foul miasma!
The profane servitor attacks as it pursues you!
You block the profane servitor's attack.
The profane servitor hits you but does no damage.
You block the balrug's attack.
Your skin crawls.
You feel strong-willed.
You block the profane servitor's attack.
The profane servitor barely misses you.
The profane servitor hits you with a +3 demon whip of freezing.
* * * LOW HITPOINT WARNING * * *
The profane servitor draws strength from your injuries!
The profane servitor hits you but does no damage.
The balrug is struck by your spines. The balrug completely misses you.
You feel better.
The cyan very ugly thing is struck by your spines.
The cyan very ugly thing punches you!
* * * LOW HITPOINT WARNING * * *
The cyan very ugly thing shocks you!!
You die...

.#.# .... ....#
## #... ##.#
#...#### #.#. ##
#.#.h3 #..##.###
#.332#### ...##.#
#.@A.#..#.... #
##3u#...# ..## #
#h.h..h.#....###
#*##..#...h##...#
...#.#(##ยง..
...#.#
.#.#...##.##.#.#
# . . .... .
.#...#. ...## .
##....### .# #.
##..#.


You could see a profane servitor, a cyan very ugly thing (unable to see you), a
balrug (burning), a wretched star, 3 sun demons, a smoke demon (unable to see
you), 4 raiju and a +0 long sword of holy wrath (unable to see you).

Vanquished Creatures
  Frederick (Vaults:4)
  A dread lich (Vaults:4)
  An ancient lich (Vaults:4)
  4 juggernauts
  Xtahua (Vaults:4)
  Sojobo (Depths:1)
  Boris (twice) (Vaults:2 Vaults:4)
  A caustic shrike (Depths:2)
  4 golden dragons
  A bone dragon (Depths:1)
  Jory (Vaults:2)
  Rupert (Orc:2)
  A walking earthen tome (Depths:2)
  5 walking crystal tomes
  10 liches
  7 tentacled monstrosities
  3 titans (Vaults:4)
  A kraken (Swamp:4)
  A quicksilver dragon (Vaults:4)
  A walking divine tome (Depths:3)
  8 sphinxes
  An Executioner (Abyss:6)
  2 tentacled starspawn (Abyss:6)
  5 storm dragons
  8 tengu reavers
  Donald (Spider:1)
  Aizul (Spider:1)
  3 shadow dragons
  5 fire giants
  A daeva (Vaults:1)
  An iron dragon (Vaults:4)
  10 frost giants
  A draconian shifter (Depths:4)
  10 vault wardens
  7 emperor scorpions
  A draconian scorcher (Depths:4)
  An angel (Vaults:1)
  Louise (Swamp:1)
  4 ghouls
  4 ghost moths
  A reaper (Depths:3)
  4 broodmothers
  30 very ugly things
  3 spriggan defenders
  19 ironbound preservers
  15 stone giants
  6 ironbound thunderhulks
  2 formless jellyfish (Vaults:3)
  A white draconian (Depths:4)
  A yellow draconian (Depths:4)
  3 eleionomae (Swamp:1)
  7 bunyips
  2 green draconians (Depths:4)
  2 vampire knights
  A deep elf demonologist (Vaults:4)
  3 purple draconians (Depths:4)
  20 spark wasps
  4 war gargoyles
  4 crystal guardians
  A dire elephant (Vaults:3)
  8 ettins
  4 entropy weavers
  A merfolk javelineer (Depths:3)
  13 yaktaur captains
  2 deep elf high priests
  A shambling mangrove (Swamp:4)
  7 fire dragons
  3 jiangshi (Depths:2)
  A quicksilver dragon zombie (Depths:2)
  Fannar (D:10)
  A hell beast (Depths:1)
  3 peacekeepers
  8 great orbs of eyes
  3 rakshasas
  35 vault guards
  11 hydras
  2 ogre magi (Orc:2)
  A juggernaut simulacrum (Depths:2)
  5 spriggan air magi
  7 ice dragons
  6 centaur warriors
  An anaconda (Abyss:6)
  15 two-headed ogres
  3 radroaches
  5 ironbound frosthearts
  2 jorogumos (Spider:2)
  A death knight (D:15)
  10 alligators
  7 boulder beetles
  3 deep troll shamans (Depths:3)
  3 vampire magi
  6 deep troll earth magi
  A hell hog (Depths:1)
  10 thrashing horrors
  15 death yaks
  12 spriggan berserkers
  An occultist (Depths:2)
  5 tengu warriors
  Nergalle (D:11)
  A hell knight (D:15)
  11 demonic crawlers
  Sonja (D:13)
  2 soul eaters
  14 spriggans
  2 shadow wraiths
  A spatial maelstrom (Abyss:5)
  10 iron trolls
  3 sixfirhies
  7 goliath frogs
  9 pharaoh ants
  A shadow demon (Depths:3)
  76 deep trolls
  2 wretched stars
  3 flayed ghosts
  8 large abominations
  A salamander mystic (Depths:2)
  2 spriggan druids
  13 orb spiders
  6 glowing orange brains
  4 bog bodies
  3 lindwurms
  A death drake (shapeshifter) (Lair:5)
  A sun moth (Spider:3)
  4 steelbarb worms
  A sun moth (shapeshifter) (Vaults:4)
  12 arcanists
  2 deep elf pyromancers
  4 orc knights
  8 swamp dragons
  A quicksilver dragon simulacrum (Depths:1)
  5 harpies (Vaults:4)
  3 phantasmal warriors (Vaults:4)
  15 ironbound convokers
  A necromancer (Depths:2)
  22 wolf spiders
  55 ugly things
  3 will-o-the-wisps (Swamp:2)
  3 orc sorcerers
  9 cyclopes
  3 meliai (Spider:4)
  3 salamanders (Depths:2)
  6 kobold blastminers
  3 manticores
  6 moths of wrath
  2 rust devils
  5 elephants (Lair:3)
  17 vault sentinels
  Maurice (D:9)
  6 black mambas
  2 ice statues
  14 cane toads
  7 torpor snails
  2 guardian serpents (shapeshifter) (Abyss:6)
  22 slime creatures
  Maggie (D:6)
  A hellion (Depths:2)
  5 rime drakes
  A gargoyle (D:14)
  5 smoke demons
  2 kobold demonologists
  7 freezing wraiths
  27 yaktaurs
  4 tengu conjurers
  A yaktaur (shapeshifter) (Depths:2)
  10 komodo dragons
  4 ancient zymes
  A queen bee (D:10)
  A harpy zombie (Abyss:5)
  16 trolls
  A hellwing (Abyss:2)
  2 polar bears
  Prince Ribbit (Bailey)
  A raiju (shapeshifter) (D:14)
  15 hornets
  2 glass eyes
  8 raiju
  21 blink frogs
  9 tyrant leeches
  A fire giant simulacrum (Depths:2)
  A blink frog (shapeshifter) (D:14)
  33 tarantellas
  A dream sheep (shapeshifter) (Depths:1)
  A centaur simulacrum (D:15)
  33 culicivoras
  23 jumping spiders
  A water elemental (Depths:2)
  2 vampires
  3 ynoxinuls
  3 wraiths
  A hog (shapeshifter) (D:11)
  21 yaks
  7 humans
  3 golden eyes (Abyss:6)
  A steam dragon (D:9)
  6 basilisks
  10 wyverns
  56 redbacks
  Grum (D:11)
  A redback (shapeshifter) (Depths:2)
  15 vampire mosquitoes
  3 chaos spawn
  5 wargs
  Menkaure (D:6)
  A neqoxec (Abyss:5)
  A harpy simulacrum (Abyss:3)
  2 acid dragons
  10 swamp worms
  A swamp worm (shapeshifter) (Depths:3)
  12 water moccasins
  6 swamp drakes
  A meliai simulacrum (D:15)
  16 orc warriors
  A black bear (D:7)
  A sky beast (D:8)
  8 laughing skulls
  4 ice beasts
  15 wolves
  10 boggarts
  19 ogres
  11 centaurs
  2 phantoms
  Blork the orc (D:4)
  A brain worm (Abyss:4)
  3 kobold brigands
  23 bullfrogs
  2 gnoll sergeants
  4 scorpions
  12 small abominations (Lair:5)
  4 wights (D:7)
  14 killer bees
  4 electric eels
  10 howler monkeys
  3 bombardier beetles
  3 hounds
  9 orc priests
  A gnoll bouda (D:7)
  6 starcursed masses (Abyss:6)
  2 jellies
  7 iguanas
  17 orc wizards
  4 hell rats (Lair:1)
  17 gnolls
  10 adders
  A shadow imp (D:8)
  2 white imps (D:8)
  4 dart slugs
  2 ribbon worms
  45 orcs
  3 bats
  6 endoplasms
  3 giant cockroaches
  15 goblins
  7 hobgoblins
  3 jackals (D:3)
  21 kobolds
  2 quokkas
  13 ball pythons
  2 frilled lizards
  5 rats
  A lurking horror (Abyss:6)
1697 creatures vanquished.

Vanquished Creatures (collateral kills)
  A thorn hunter (Swamp:4)
  A tengu reaver (D:15)
  A vault guard (Bailey)
  3 hydras (Swamp:4)
  An ironbound frostheart (Vaults:1)
  2 centaur warriors (D:15)
  A thrashing horror (Abyss:6)
  A deep troll (Vaults:1)
  3 swamp dragons (Swamp:4)
  An ugly thing (D:15)
  A vault sentinel (Vaults:1)
  A rime drake (Swamp:4)
  A yaktaur (Vaults:1)
  4 swamp drakes (Swamp:4)
22 creatures vanquished.

Vanquished Creatures (others)
  Asterion (Vaults:3)
  A frost giant (Depths:3)
  A hydra (Swamp:4)
  A deep troll (Vaults:2)
  A rime drake (Swamp:4)
  A bloated husk (Swamp:1)
  A culicivora (Spider:4)
  An orc (Vaults:5)
  6 foxfires (Swamp:2)
  12 starspawn tentacles (Abyss:6)
  8 tentacles
34 creatures vanquished.

Grand Total: 1753 creatures vanquished

Notes
Turn   | Place    | Note
-------+----------+-------------------------------------------
     0 | D:1      | thirtiethelement the Demonspawn Berserker began the quest
                  | for the Orb.
     0 | D:1      | Reached XP level 1. HP: 18/18 MP: 1/1
   187 | D:1      | Gained mutation: You are partially covered in sharp spines.
                  | [demonic ancestry]
   187 | D:1      | Reached XP level 2. HP: 23/24 MP: 2/2
   382 | D:1      | Found a faded altar of an unknown god.
   760 | D:1      | Gained mutation: You are partially covered in yellow
                  | scales. (AC +2) [demonic ancestry]
   760 | D:1      | Reached XP level 3. HP: 25/29 MP: 3/3
  1096 | D:2      | Reached ** piety under Trog
  1692 | D:3      | Reached skill level 1 in Short Blades
  1692 | D:3      | Reached XP level 4. HP: 16/36 MP: 4/4
  1997 | D:3      | Reached XP level 5. HP: 36/42 MP: 5/5
  2323 | D:3      | Reached *** piety under Trog
  2500 | D:3      | Identified the +7 ring mail "Meoxta" {Dex+2}
  2677 | D:4      | Noticed a phantom
  2688 | D:4      | Killed a phantom
  2689 | D:4      | Reached skill level 4 in Fighting
  2689 | D:4      | Gained mutation: You may rarely emit foul miasma when
                  | damaged in melee. [demonic ancestry]
  2689 | D:4      | Reached XP level 6. HP: 48/48 MP: 6/6
  2798 | D:4      | Noticed Blork the orc
  2814 | D:4      | Killed Blork the orc
  3102 | D:4      | Found Birregra's Tremendous Tomes.
  3639 | D:5      | Entered Level 5 of the Dungeon
  3648 | D:5      | Gained mutation: You have sharp fingernails. [demonic
                  | ancestry]
  3648 | D:5      | Reached XP level 7. HP: 41/55 MP: 7/7
  3823 | D:5      | Reached skill level 1 in Stealth
  3876 | D:5      | Reached skill level 5 in Fighting
  3906 | D:5      | Gained mutation: You have very sharp fingernails. [demonic
                  | ancestry]
  3906 | D:5      | Reached XP level 8. HP: 60/62 MP: 8/8
  3917 | D:5      | Reached skill level 5 in Short Blades
  4383 | D:6      | Reached **** piety under Trog
  4443 | D:6      | Noticed Menkaure
  4444 | D:6      | Noticed Maggie
  4449 | D:6      | Killed Menkaure
  4472 | D:6      | Killed Maggie
  4895 | D:6      | Gained mutation: You sometimes emit foul miasma when
                  | damaged in melee. [demonic ancestry]
  4895 | D:6      | Reached XP level 9. HP: 69/69 MP: 9/9
  5014 | D:7      | Found a staircase to the Ecumenical Temple.
  5030 | Temple   | Entered the Ecumenical Temple
  5069 | D:7      | Reached skill level 5 in Armour
  5116 | D:7      | Reached skill level 6 in Fighting
  5491 | D:7      | Reached skill level 5 in Dodging
  6400 | D:8      | Reached skill level 1 in Shields
  6428 | D:8      | Noticed a two-headed ogre
  6553 | D:8      | Killed a two-headed ogre
  7148 | D:8      | Reached XP level 10. HP: 77/77 MP: 10/10
  7400 | D:9      | Reached skill level 1 in Throwing
  7430 | D:9      | Gained mutation: You are weak. (Str -2) [potion of
                  | mutation]
  7430 | D:9      | Gained mutation: You expend magic power (3 MP) to
                  | strengthen your wands. [potion of mutation]
  7575 | D:9      | Found a flagged portal.
  7591 | Bailey   | Entered a bailey
  7799 | Bailey   | Reached skill level 7 in Fighting
  7842 | Bailey   | Noticed Prince Ribbit
  7845 | Bailey   | Noticed a vault guard
  7860 | Bailey   | Killed a vault guard
  7864 | Bailey   | Killed Prince Ribbit
  7907 | Bailey   | Noticed a vault guard
  7925 | Bailey   | Killed a vault guard
  8003 | D:9      | Noticed a two-headed ogre
  8025 | D:9      | Killed a two-headed ogre
  8138 | D:9      | Gained mutation: You punish those that try to bend your
                  | will. (Will+) [demonic ancestry]
  8138 | D:9      | Reached XP level 11. HP: 81/84 MP: 11/11
  8212 | D:9      | Noticed Maurice
  8225 | D:9      | Killed Maurice
  8592 | D:10     | Entered Level 10 of the Dungeon
  8592 | D:10     | Noticed Fannar
  8644 | D:10     | Killed Fannar
  8829 | D:10     | Noticed a death yak
  8840 | D:10     | Noticed a death yak
  8857 | D:10     | Noticed a death yak
  8863 | D:10     | Killed a death yak
  8864 | D:10     | Reached skill level 8 in Fighting
  8864 | D:10     | Noticed a death yak
  8866 | D:10     | Noticed a death yak
  8925 | D:10     | Killed a death yak
  9129 | D:10     | Killed a death yak
  9130 | D:10     | Reached skill level 10 in Short Blades
  9452 | D:10     | Reached ***** piety under Trog
  9601 | D:10     | Found a staircase to the Lair.
  9762 | D:10     | Killed a death yak
  9763 | D:10     | Reached skill level 5 in Shields
  9771 | D:10     | Killed a death yak
  9962 | D:11     | Noticed Nergalle
  9989 | D:11     | Killed Nergalle
 10098 | D:11     | Gained mutation: You are mostly covered in yellow scales.
                  | (AC +3) [demonic ancestry]
 10098 | D:11     | Reached XP level 12. HP: 77/94 MP: 12/12
 10153 | D:11     | Found a portal to a secret trove of treasure.
 10425 | D:11     | Noticed Grum
 10451 | D:11     | Killed Grum
 10557 | D:11     | Lost mutation: You are weak. (Str -2) [potion of mutation]
 10557 | D:11     | Lost mutation: You expend magic power (3 MP) to strengthen
                  | your wands. [potion of mutation]
 10557 | D:11     | Gained mutation: Your flesh is cold resistant. (rC+)
                  | [potion of mutation]
 10557 | D:11     | Gained mutation: Your flesh is heat resistant. (rF+)
                  | [potion of mutation]
 10569 | D:11     | Found a one-way gate to the infinite horrors of the Abyss.
 10569 | D:11     | Noticed Xaxieg's ghost (journeyman GnSk)
 10577 | D:11     | Noticed a hell hog
 10593 | D:11     | Found a transporter.
 10610 | D:11     | Found a transporter.
 10644 | D:11     | Noticed a two-headed ogre
 10658 | D:11     | Killed a two-headed ogre
 10659 | D:11     | Reached skill level 9 in Fighting
 10729 | D:11     | Noticed a two-headed ogre
 10741 | D:11     | Killed a two-headed ogre
 10872 | D:11     | Identified a scroll of acquirement
 10913 | D:11     | Acquired a manual of Fighting
 11242 | D:12     | Received a gift from Trog
 11748 | D:12     | Noticed a two-headed ogre
 11803 | D:12     | Killed a two-headed ogre
 11990 | D:12     | Reached skill level 10 in Fighting
 12246 | D:12     | Found a staircase to the Orcish Mines.
 12565 | Lair:1   | Entered Level 1 of the Lair of Beasts
 12985 | Lair:1   | Reached XP level 13. HP: 91/104 MP: 13/13
 14007 | Lair:2   | Received a gift from Trog
 14116 | Lair:2   | Reached skill level 11 in Fighting
 14389 | Lair:2   | Identified the +6 scimitar of Res Ipsa Loquitur {drain,
                  | Dex+4}
 14467 | Lair:2   | Found a staircase to the Swamp.
 15118 | Lair:3   | Reached skill level 5 in Long Blades
 15710 | Lair:3   | Found a hole to the Spider Nest.
 16378 | Lair:4   | Found a staircase to the Slime Pits.
 16869 | Lair:5   | Entered Level 5 of the Lair of Beasts
 16947 | Lair:5   | Reached skill level 12 in Fighting
 16947 | Lair:5   | Reached XP level 14. HP: 115/115 MP: 12/14
 17357 | Lair:5   | Reached skill level 10 in Dodging
 17577 | Lair:5   | Found a corrupted altar of Lugonu.
 17590 | Lair:5   | Identified the +5 spear of Crusades {pain, Str+5}
 17766 | Lair:5   | Reached ****** piety under Trog
 17766 | Lair:5   | Received a gift from Trog
 17811 | Lair:5   | Reached skill level 10 in Long Blades
 18726 | Orc:1    | Entered Level 1 of the Orcish Mines
 18827 | Orc:2    | Entered Level 2 of the Orcish Mines
 18996 | Orc:2    | Paralysed by an orc sorcerer for 3 turns
 19138 | Orc:2    | Found a transporter.
 19142 | Orc:2    | Found Xogol's Antique Weapon Shop.
 19240 | Orc:2    | Found a transporter.
 19744 | Orc:2    | Noticed Rupert
 19758 | Orc:2    | Killed Rupert
 19832 | Orc:2    | Found a bloodstained altar of Trog.
 19847 | Orc:2    | Found a staircase to the Elven Halls.
 19932 | Orc:2    | Reached skill level 13 in Fighting
 20002 | Orc:2    | Found Sankinut's Antique Weapon Shoppe.
 20003 | Orc:2    | Found Suinig's Book Boutique.
 20004 | Orc:2    | Found Zesmuel's Antique Weapon Shop.
 20058 | Orc:2    | Gained mutation: You are completely covered in yellow
                  | scales. (AC +4, rCorr) [demonic ancestry]
 20058 | Orc:2    | Reached XP level 15. HP: 95/123 MP: 10/15
 20189 | Orc:2    | Found Ytoy's Book Boutique.
 20210 | Orc:2    | Bought a glowing scimitar for 147 gold pieces
 20217 | Orc:2    | Bought a glowing long sword for 195 gold pieces
 20704 | D:13     | Found Xattous's Changing Room.
 20802 | D:13     | Found a flickering gateway to a bazaar.
 20817 | Bazaar   | Entered a bazaar
 20817 | Bazaar   | Found Koiburof's Antique Weapon Emporium.
 20821 | Bazaar   | Bought an encrusted dagger for 175 gold pieces
 20821 | Bazaar   | Identified the +4 dagger of Res Ipsa Loquitur {speed, rF+
                  | Str+5} (You bought it in a shop in a bazaar)
 20824 | Bazaar   | Found Rutod's Antique Armour Boutique.
 20832 | Bazaar   | Bought a glowing scarf for 200 gold pieces
 20842 | Bazaar   | Found Gugippagg's Book Boutique.
 20853 | Bazaar   | Found Qaraimnu's Magic Scroll Emporium.
 20861 | Bazaar   | Bought a scroll of brand weapon for 104 gold pieces
 20861 | Bazaar   | Bought a scroll of silence for 104 gold pieces
 20861 | Bazaar   | Bought a scroll of enchant armour for 82 gold pieces
 20861 | Bazaar   | Bought a scroll of identify for 22 gold pieces
 20880 | Bazaar   | Found Kuthrer's General Store.
 20888 | Bazaar   | Bought a +2 buckler of protection for 193 gold pieces
 20888 | Bazaar   | Bought a phantom mirror for 360 gold pieces
 20990 | D:13     | Noticed Sonja
 21001 | D:13     | Killed Sonja
 22057 | D:14     | Received a gift from Trog
 22151 | D:14     | Found a gate to the Vaults.
 22888 | D:15     | Entered Level 15 of the Dungeon
 22990 | D:15     | Identified the +2 war axe "Adefroih" {heavy, rElec rPois
                  | Will++ Int-2}
 22992 | D:15     | Noticed a tengu reaver
 23008 | D:15     | Killed a tengu reaver
 23009 | D:15     | Reached skill level 14 in Fighting
 23083 | D:15     | Identified the +2 long sword "Vaqyup Toyga" {speed, rC++}
 23533 | D:15     | Found a staircase to the Depths.
 24079 | Swamp:1  | Entered Level 1 of the Swamp
 24100 | Swamp:1  | Reached XP level 16. HP: 111/134 MP: 12/16
 24153 | Swamp:1  | Upgraded the game from 0.31.0-9-g3a7656b989 to
                  | 0.31.0-11-ge490571c62
 24285 | Swamp:1  | Noticed Louise
 24292 | Swamp:1  | Killed Louise
 24856 | Swamp:1  | Received a gift from Trog
 25692 | Swamp:2  | Reached skill level 5 in Throwing
 25732 | Swamp:2  | Reached skill level 15 in Fighting
 26053 | Swamp:3  | Reached skill level 5 in Stealth
 26274 | Swamp:3  | Noticed a tentacled monstrosity
 26289 | Swamp:3  | Killed a tentacled monstrosity
 26526 | Swamp:3  | Reached skill level 10 in Shields
 26735 | Swamp:4  | Entered Level 4 of the Swamp
 26737 | Swamp:4  | Noticed a thorn hunter
 26753 | Swamp:4  | Killed a thorn hunter
 26762 | Swamp:4  | Received a gift from Trog
 27041 | Swamp:4  | Reached skill level 15 in Long Blades
 27145 | Swamp:4  | HP: 5/136 [poisoned by a swamp dragon (poison gas)]
 28003 | Swamp:4  | Identified the +0 pair of boots of Boiling Hail {rPois
                  | Str+3}
 28095 | Swamp:4  | Reached XP level 17. HP: 92/142 MP: 12/17
 28235 | Swamp:4  | Got a decaying rune of Zot
 28276 | Swamp:4  | Identified the ring "Amiofecs" {rPois Str+3 Int+3}
 28297 | Swamp:4  | Noticed a kraken
 28324 | Swamp:4  | Killed a kraken
 28793 | Spider:1 | Entered Level 1 of the Spider Nest
 29598 | Spider:1 | Received a gift from Trog
 29809 | Spider:1 | Noticed Donald
 29835 | Spider:1 | Killed Donald
 29949 | Spider:1 | Identified the +4 chain mail of the Hunter {rF+}
 30092 | Spider:1 | Identified the serpent talisman of the Salmon {rElec
                  | Stlth+}
 30092 | Spider:1 | Noticed Aizul
 30106 | Spider:1 | Killed Aizul
 31030 | Spider:2 | Reached skill level 16 in Fighting
 31044 | Spider:2 | Acquired a +4 demon blade of draining
 31249 | D:11     | You paid a toll of a +8 demon blade to enter a treasure
                  | trove
 31250 | Trove    | Entered a treasure trove
 32195 | Spider:3 | Received a gift from Trog
 33389 | Spider:4 | Entered Level 4 of the Spider Nest
 33442 | Spider:3 | Gained mutation: You are mostly covered in sharp spines.
                  | [demonic ancestry]
 33442 | Spider:3 | Reached XP level 18. HP: 151/151 MP: 18/18
 33691 | Spider:4 | Received a gift from Trog
 35265 | Spider:4 | Identified the +2 quarterstaff of Tortfeasance {freeze,
                  | rElec rN+ Int+2}
 35290 | Spider:4 | Got a gossamer rune of Zot
 35675 | Depths:1 | Entered Level 1 of the Depths
 35675 | Depths:1 | Noticed Sojobo
 35675 | Depths:1 | Found a one-way gate leading to the halls of Pandemonium.
 35682 | Depths:1 | Killed Sojobo
 35690 | Depths:1 | Reached skill level 10 in Armour
 35694 | Depths:1 | Received a gift from Trog
 36016 | Depths:1 | Noticed a lich
 36027 | Depths:1 | Killed a lich
 36301 | Depths:1 | Found a gateway to Hell.
 36374 | Depths:1 | Noticed a bone dragon
 36406 | Depths:1 | Killed a bone dragon
 37021 | Depths:1 | Found a runed translucent door.
 37094 | Depths:1 | Reached skill level 17 in Fighting
 37212 | Depths:1 | Gained mutation: You have claws for hands. [demonic
                  | ancestry]
 37212 | Depths:1 | Reached XP level 19. HP: 150/161 MP: 17/19
 37217 | Depths:1 | Found a one-way gateway to a ziggurat.
 37662 | Depths:2 | Noticed a juggernaut
 38318 | Depths:2 | HP: 3/161 [hellion/damnation (25)]
 38323 | Depths:2 | Received a gift from Trog
 38953 | Abyss:2  | Cast into level 2 of the Abyss (an occultist)
 39100 | Abyss:4  | Found a corrupted altar of Lugonu.
 39124 | Abyss:4  | Found a corrupted altar of Lugonu.
 39298 | Abyss:5  | Found a corrupted altar of Lugonu.
 39304 | Abyss:5  | Gained mutation: [Your magical capacity is low. (-10% MP)]
                  | [a neqoxec]
 39305 | Abyss:5  | Gained mutation: [Your magical capacity is very low. (-20%
                  | MP)] [a neqoxec]
 39346 | Depths:2 | Escaped the Abyss
 39654 | Depths:2 | Killed a juggernaut
 39992 | Depths:2 | Received a gift from Trog
 40049 | Depths:2 | Noticed a golden dragon
 40058 | Depths:2 | Killed a golden dragon
 40612 | Depths:2 | Identified the +1 ring mail of Impatience {Dex+3}
 40934 | Depths:2 | Reached skill level 18 in Fighting
 41218 | Depths:2 | Voluntarily entered the Abyss.
 41230 | Abyss:5  | Found a corrupted altar of Lugonu.
 41273 | Depths:2 | Escaped the Abyss
 41451 | Depths:2 | Lost mutation: [Your magical capacity is very low. (-20%
                  | MP)] [potion of mutation]
 41451 | Depths:2 | Lost mutation: Your flesh is heat resistant. (rF+) [potion
                  | of mutation]
 41451 | Depths:2 | Gained mutation: You have supernaturally acute eyesight.
                  | (SInv) [potion of mutation]
 41451 | Depths:2 | Gained mutation: You are weak. (Str -2) [potion of
                  | mutation]
 41451 | Depths:2 | Gained mutation: You have very sharp teeth. [potion of
                  | mutation]
 41452 | Depths:2 | Lost mutation: You are weak. (Str -2) [potion of mutation]
 41452 | Depths:2 | Lost mutation: You have supernaturally acute eyesight.
                  | (SInv) [potion of mutation]
 41452 | Depths:2 | Gained mutation: You have large cloven feet. [potion of
                  | mutation]
 41452 | Depths:2 | Gained mutation: You are dopey. (Int -2) [potion of
                  | mutation]
 41452 | Depths:2 | Gained mutation: You have hoof-like feet. [potion of
                  | mutation]
 41453 | Depths:2 | Lost mutation: You have hoof-like feet. [potion of
                  | mutation]
 41453 | Depths:2 | Lost mutation: You are dopey. (Int -2) [potion of mutation]
 41453 | Depths:2 | Gained mutation: You are dopey. (Int -2) [potion of
                  | mutation]
 42692 | Depths:3 | Noticed a juggernaut
 42693 | Depths:3 | Noticed a golden dragon
 42769 | Depths:3 | Noticed a caustic shrike
 42888 | Depths:2 | Killed a caustic shrike
 42889 | Depths:2 | Reached XP level 20. HP: 150/171 MP: 8/18
 42901 | Depths:2 | Killed a juggernaut
 43292 | Depths:2 | Received a gift from Trog
 43440 | Depths:2 | Killed a golden dragon
 43524 | Depths:3 | Reached skill level 15 in Shields
 43713 | Depths:3 | Noticed a juggernaut
 43727 | Depths:3 | Killed a juggernaut
 44716 | Depths:3 | Noticed a golden dragon
 44730 | Depths:3 | Killed a golden dragon
 45445 | Depths:3 | Identified the +0 leather armour of Luept {Int-5 Slay+4}
 45815 | Depths:3 | Identified the amulet of the Hero {Spirit Dex+2}
 45874 | Depths:3 | Identified the +6 hand axe of the World {flame, *Noise
                  | rN+++ Dex+3 Stlth+}
 46035 | Depths:3 | Received a gift from Trog
 46548 | Depths:4 | Entered Level 4 of the Depths
 47349 | Depths:4 | Reached skill level 19 in Fighting
 48105 | Depths:4 | Noticed a juggernaut
 48445 | Depths:4 | Killed a juggernaut
 48451 | Depths:4 | Reached XP level 21. HP: 180/180 MP: 16/18
 48883 | Depths:4 | Received a gift from Trog
 49246 | Depths:4 | Found a gate to the Realm of Zot.
 49526 | Vaults:1 | Entered Level 1 of the Vaults
 50085 | Vaults:1 | Found Qaiqedd's Weapon Shop.
 50550 | Vaults:1 | Found a runed translucent gate.
 50550 | Vaults:1 | Found a runed translucent gate.
 50551 | Vaults:1 | Found a runed translucent gate.
 51064 | Vaults:1 | Identified the +7 battleaxe "Kagg" {freeze, Dex+3}
 51578 | Vaults:2 | Noticed Boris
 51595 | Vaults:2 | Killed Boris
 51620 | Vaults:2 | Noticed Jory
 51640 | Vaults:2 | Killed Jory
 51640 | Vaults:2 | Received a gift from Trog
 53433 | Vaults:3 | Reached skill level 20 in Fighting
 53560 | Vaults:3 | Received a gift from Trog
 53794 | Vaults:3 | Noticed Asterion
 53802 | Vaults:3 | Killed Asterion
 53899 | Vaults:3 | HP: 5/274 [deep troll[an ironbound preserver] (15)]
 54661 | Vaults:3 | Reached XP level 22. HP: 173/190 MP: 19/19
 54718 | Vaults:3 | Paralysed by a formless jellyfish for 1 turns
 54899 | Vaults:3 | Found Begesus's Armour Shop.
 54916 | Vaults:3 | Bought a +2 cloak of stealth for 430 gold pieces
 55079 | Vaults:3 | Found a staircase to the Crypt.
 56108 | Vaults:4 | Received a gift from Trog
 57538 | Vaults:4 | Received a gift from Trog
 57543 | Vaults:4 | Identified the orb "Touhyiw" {light, Str+3}
 57543 | Vaults:4 | Noticed Frederick
 57553 | Vaults:4 | Killed Frederick
 57808 | Vaults:4 | Reached skill level 21 in Fighting
 58084 | Vaults:4 | Found Komala's Magic Scroll Boutique.
 58088 | Vaults:4 | Bought a scroll of fear for 88 gold pieces
 58088 | Vaults:4 | Bought a scroll of fog for 88 gold pieces
 58088 | Vaults:4 | Bought a scroll of enchant armour for 165 gold pieces
 58088 | Vaults:4 | Bought a scroll of blinking for 165 gold pieces
 58088 | Vaults:4 | Bought a scroll of fog for 88 gold pieces
 58663 | Vaults:5 | Entered Level 5 of the Vaults
 58663 | Vaults:5 | Noticed Boris
 58679 | Vaults:4 | Reached skill level 15 in Armour
 59069 | Vaults:4 | Reached skill level 1 in Evocations
 59076 | Vaults:4 | Killed Boris
 59707 | Vaults:4 | Received a gift from Trog
 59708 | Vaults:4 | Gained mutation: You are resistant to unholy torment.
                  | [demonic ancestry]
 59708 | Vaults:4 | Reached XP level 23. HP: 62/200 MP: 6/20
 60403 | Vaults:5 | Noticed a dread lich
 60731 | Vaults:4 | Killed a dread lich
 61353 | Vaults:5 | Noticed Xtahua
 61845 | Vaults:5 | Noticed an ancient lich
 61860 | Vaults:4 | Killed Xtahua
 62894 | Vaults:4 | Killed an ancient lich
 62996 | Vaults:4 | Received a gift from Trog
 63083 | Abyss:6  | Cast into level 6 of the Abyss (a deep elf sorcerer)
 63274 | Abyss:6  | Found a corrupted altar of Lugonu.
 63317 | Abyss:6  | Paralysed by accursed screaming for 1 turns
 63359 | Abyss:6  | Found a corrupted altar of Lugonu.
 63395 | Abyss:6  | HP: 7/202 [large abomination[an Executioner] (8)]
 63397 | Abyss:6  | HP: 1/202 [starcursed mass/accursed screaming (7)]
 63423 | Abyss:6  | Received a gift from Trog
 63435 | Abyss:6  | HP: 6/202 [neqoxec/psychic fangs (14)]
 63453 | Abyss:6  | HP: 6/202 [profane servitor/+3 demon whip of freezing (8)]
 63458 | Abyss:6  | HP: 8/202 [balrug/+0 demon whip (8)]
 63460 | Abyss:6  | Demolished by a cyan very ugly thing

Illustrated notes

Levels and vault maps discovered:
D:1:      dpeg_arrival_arbitrary_a, layout_loops_corners,
          ebering_ecumenical_altar_sacrificial, minmay_misc_feat_rows
D:2:      layout_basic, kennysheep_boxes
D:3:      layout_loops_cross, minmay_snake_closets
D:4:      layout_basic, nicolae_shop_i_like_big_books,
          chequers_decorated_corner, uniq_blork_the_orc
D:5:      layout_rooms
D:6:      layout_loops_ring, uniq_maggie, uniq_menkaure
D:7:      layout_basic, lemuel_crystal_altar, minmay_temple_entry_wispy
D:8:      layout_cave_pods, serial_park, serial_park_avenue1,
          serial_park_tiny_pond, serial_park_square2, serial_park_tiny_pond,
          kennysheep_generic_room_3
D:9:      layout_roguey, enter_bailey_3, uniq_maurice
D:10:     layout_rooms, dpeg_lair_monsters, hangedman_abyss_or_decor_clamps,
          nicolae_looking_at_the_future, uniq_fannar
D:11:     layout_irregular_city, gammafunk_ghost_abyssal_escape, enter_trove_2,
          uniq_grum, uniq_nergalle
D:12:     layout_irregular_city, erik_orc_1, serial_co_window_serial,
          co_window_cross_1, co_window_of_opportunity_a, co_window_paths_a,
          co_window_paths_a, co_window_cross_1, co_window_2corner,
          co_window_corner_cb, co_window_cross_4, co_window_corner_b,
          co_window_broadway_a, co_window_corner_b, glass_columns_a,
          glass_columns_b
D:13:     layout_gridville, serial_shops, bzr_in_the_mist,
          nicolae_transmutations_shop, uniq_sonja
D:14:     nicolae_BIG_FREAKIN_CUBE, layout_basic, grunt_vaults_entry_fortified
D:15:     hellmonk_depths_entry_around_the_bend, layout_cross, eino_curves_02,
          dreamdust_wishing_well, grunt_decor_clamped,
          minmay_checkered_concentric_circles
Temple:   mainiacjoe_temple_hex_bubbles
Lair:1:   layout_cave_pods, chequers_serial_rivers_micro_e,
          chequers_serial_rivers_room_b, infiniplex_staircase_pool
Lair:2:   layout_regular_city, nicolae_swamp_entry_splash_gauntlet,
          ldierk_geyser, nicolae_lair_lil_pond, nicolae_lair_grove_arrangements
Lair:3:   layout_long_grid, spider_nest_entry_funnel_web, serial_bayou_lagoon_b
Lair:4:   layout_gridlike, slime_entry_1, serial_bayou_shore_b
Lair:5:   hellmonk_lair_end_abyssal_woods, layout_loops_ring, grunt_megastairs_2
Swamp:1:  layout_falls_marsh, serial_swamp_ruin, evilmike_swamp_ruin_house_5,
          evilmike_swamp_ruin_house_4, hangedman_swamp_ruin_wall,
          swamp_pool_1_2, uniq_louise
Swamp:2:  layout_basic_swamp, evilmike_swamp_ruin_house_3, swamp_pool_4
Swamp:3:  layout_basic_swamp, evilmike_swamp_ruin_rubble_2
Swamp:4:  swamp_alternative, layout_basic_swamp, swamp_pool_5,
          nicolae_swamp_thats_no_hydra
Spider:1: nicolae_spider_hilbert_zone_3 [nicolae_spider_hilbert_4_sides_2_open,
          nicolae_spider_hilbert_3_sides_1_open,
          nicolae_spider_hilbert_3_sides_1_open,
          nicolae_spider_hilbert_3_sides_1_open,
          nicolae_spider_hilbert_3_sides_1_open,
          nicolae_spider_hilbert_4_sides_1_open,
          nicolae_spider_hilbert_4_sides_1_open,
          nicolae_spider_hilbert_4_sides_1_open,
          nicolae_spider_hilbert_4_sides_1_open,
          nicolae_spider_hilbert_4_sides_1_open,
          nicolae_spider_hilbert_4_sides_1_open,
          nicolae_spider_hilbert_4_sides_1_open,
          nicolae_spider_hilbert_4_sides_1_open,
          nicolae_spider_hilbert_3_sides_1_open,
          nicolae_spider_hilbert_3_sides_1_open,
          nicolae_spider_hilbert_3_sides_1_open,
          nicolae_spider_hilbert_3_sides_1_open], uniq_donald, uniq_aizul
Spider:2: layout_spider_delve, nicolae_spider_claw_tunnel
Spider:3: cheibrodos_forgotten_conduit, special_room
Spider:4: grunt_spider_rune_parallel
Orc:1:    cheibrodos_orc_guarddog, layout_diamond_mine, basic_altar
Orc:2:    st_orc_open, layout_diamond_mine, serial_shops,
          nicolae_shop_drivethru, basic_altar, uniq_rupert
Vaults:1: vaults_dpeg_diagonal, nicolae_vaults_little_squares_1,
          nicolae_vaults_alarming, abrahamwl_protected_by_tso_3,
          nicolae_vaults_hallways_thing, vaults_dpeg_hooks,
          nicolae_vaults_closet_pinwheel_1, nicolae_vaults_tetromino_T_1,
          nicolae_vaults_diamond_2, nicolae_vaults_tetromino_Z_1,
          ontoclasm_vaults_decontamination, nicolae_vaults_six-pack,
          layout_vaults_omnigrid, serial_shops, nicolae_shop_mannequins
Vaults:2: v_misc_30, nicolae_vaults_surprise_closet, vaults_room_semicircle,
          vaults_room_door_hall, nicolae_vaults_closet_pinwheel_3, v_misc_12,
          nicolae_vaults_apartment_1, nicolae_vaults_little_squares_4,
          nicolae_vaults_specimen_jars, layout_vaults_chaotic_city, uniq_boris,
          uniq_jory
Vaults:3: nicolae_vaults_spaceships, ontoclasm_vaults_ring_square,
          nicolae_vaults_windows_and_doors_thing, ontoclasm_vaults_pinch,
          nicolae_vaults_offset_grid_hallway_4, nicolae_vaults_rhombus_5,
          hangedman_vaults_maws, minmay_crypt_entry_simple_sparse,
          nicolae_vaults_diamond_1, st_spiral_rooms,
          nicolae_vaults_taking_the_gang_shopping, v_misc_1,
          layout_vaults_maze_snakey, uniq_asterion
Vaults:4: cheibrodos_frozen_isle, serial_library_hellmonk_semicircle,
          ontoclasm_vaults_hangar, nicolae_vaults_tangram_2, v_misc_8,
          nicolae_vaults_arrows, v_misc_4, grunt_vaults_funnel,
          hangedman_vaults_capsules, nicolae_vaults_steering_wheel, v_misc_1,
          nicolae_vaults_little_squares_2, nicolae_vaults_house_2,
          layout_vaults_omnibox, serial_shops, nicolae_shop_back_alley_shop,
          uniq_frederick
Vaults:5: serial_shops, uniq_xtahua
Depths:1: layout_long_grid, enter_ziggurat_b, pan_entry, elyvilon_altar_3,
          grunt_mini_vestibule, minmay_acid_items, uniq_sojobo
Depths:2: nicolae_legendary_halls, layout_gridlike, abyss_entry,
          minmay_misc_feat_doors, grunt_hell_entry_dis_grunt,
          rand_demon_pan_entry_5, minmay_misc_feat_encased,
          minmay_staircase_windowed_large
Depths:3: minmay_four_inscribed_fans, layout_cave_pools, hangedman_geh_valley,
          rand_demon_pan_entry_1, abyss_entry_crystal
Depths:4: grunt_zot_entry_gee_three, layout_gridlike, minmay_misc_feat_room,
          hell_entry, zin_statuary
Abyss:6:  hangedman_abyss_exit_choices, hangedman_grunt_abyss_rune_horror_hoard,
          evilmike_abyss_exit_6, base: D:15,
          grunt_abyss_rune_forest_and_sorcery, evilmike_abyss_exit_vortex,
          evilmike_abyss_exit_16, guppyfry_abyss_exit_glass_guarded,
          grunt_abyss_rune_wretched_hive, hangedman_abyss_batty_box,
          skrybe_abyss_rune_heretic_angels, hangedman_decor_riveting,
          hangedman_abyss_rune_flesh_and_stone, hangedman_decor_riveting,
          nicolae_abyss_rune_left_handed, hangedman_decor_riveting,
          nicolae_abyss_rune_left_handed, gammafunk_abyss_exit_x_factor,
          bh_abyss_xom_lugonu_altar, evilmike_abyss_rune_tso_outpost,
          spicy_abyss_unhelpful_harpoons, nicolae_abyss_rune_star_stuff

Skill      XL: |  1  2  3  4  5  6  7  8  9 10 11 12 13 14 15 16 17 18 19 20 21 22 23 |
---------------+----------------------------------------------------------------------+-----
Dodging        | 2 3 4 5 6 7 9 10 11 12 13 | 13.3
Long Blades    | 3 8 11 14 15 16 17 18 19 20 | 20.0
Armour         | 2 3 4 5 6 7 8 9 10 11 13 14 15 16 | 16.0
Short Blades   | 1 2 3 4 6 8 9 10 11 | 11.1
Fighting       | 4 5 6 7 8 10 12 13 14 15 16 17 18 19 20 21 | 21.9
Stealth        | 1 2 3 4 5 6 |  6.4
Shields        | 1 3 5 6 7 8 10 12 13 14 15 16 17 18 | 18.4
Throwing       | 2 3 4 5 6 7 |  7.5
Evocations     | 1 |  1.0

Action                     |  1- 3 |  4- 6 |  7- 9 | 10-12 | 13-15 | 16-18 | 19-21 | 22-24 || total
---------------------------+-------+-------+-------+-------+-------+-------+-------+-------++-------
  Melee: Falchion          |    20 |       |       |       |       |       |       |       ||    20
         Short sword       |    67 |   131 |   311 |   918 |   147 |       |       |       ||  1574
         Punch             |     1 |     4 |     7 |       |       |       |       |       ||    12
         Scimitar          |       |       |       |       |   866 |  1469 |    95 |       ||  2430
         Long sword        |       |       |       |       |   121 |    18 |       |       ||   139
         Dagger            |       |       |       |       |       |   102 |       |       ||   102
         Quick blade       |       |       |       |       |       |   124 |   105 |       ||   229
         Double sword      |       |       |       |       |       |       |  1599 |   901 ||  2500
         Bite              |       |       |       |       |       |       |   262 |   154 ||   416
  Throw: Dart              |       |       |     7 |       |       |       |       |       ||     7
         Boomerang         |       |       |       |    38 |    31 |   172 |    12 |    12 ||   265
 Invoke: Trog's Hand       |       |       |     2 |     1 |     4 |     4 |    10 |     6 ||    27
         Berserk           |       |       |     1 |     2 |     5 |     2 |    12 |     4 ||    26
         Brothers in Arms  |       |       |       |     2 |     1 |     2 |     1 |       ||     6
  Evoke: Wand              |       |       |       |       |       |       |     1 |       ||     1
         Box of beasts     |       |       |       |       |       |       |       |     1 ||     1
         Phial of floods   |       |       |       |       |       |       |       |     1 ||     1
         Condenser vane    |       |       |       |       |       |       |       |     1 ||     1
    Use: Scroll            |       |     7 |     8 |     9 |     6 |     9 |    14 |    10 ||    63
         Potion            |       |       |     1 |     2 |       |     5 |     6 |    17 ||    31
   Stab: Sleeping          |     1 |       |       |     2 |    10 |    11 |       |       ||    24
         Distracted        |       |       |       |       |     4 |     3 |       |     3 ||    10
         Confused          |       |       |       |       |     1 |       |       |       ||     1
 Armour: Animal skin       |    11 |       |       |       |       |       |       |       ||    11
         Scale mail        |    26 |    34 |       |       |       |       |       |       ||    60
         Ring mail         |       |    28 |   140 |   352 |   512 |   740 |       |       ||  1772
         Plate armour      |       |       |       |       |       |   203 |   638 |       ||   841
         Gold dragon scale |       |       |       |       |       |       |   672 |  1087 ||  1759
  Dodge: Dodged            |    36 |    57 |   157 |   365 |   860 |  1660 |   701 |   468 ||  4304
         Repelled          |       |       |       |       |     4 |    11 |    17 |       ||    32
  Block: Buckler           |       |       |    15 |   185 |   498 |  1094 |   842 |   684 ||  3318
         Reflection        |       |       |       |       |       |       |    10 |    53 ||    63
